 Dungeon Crawl Stone Soup version 0.25.0-37-gb73750e0fb (webtiles) character file.

Game seed: 10491005625746263666

527 Ethylacetat the Cutter (level 7, -4/49 HPs)
             Began as an Octopode Assassin on July 8, 2020.
             Slain by an orc priest
             ... wielding a +0 dagger
              (5 damage)
             ... on level 4 of the Dungeon.
             The game lasted 00:08:29 (4934 turns).

Ethylacetat the Cutter (Octopode Assassin)          Turns: 4934, Time: 00:08:31

Health: -4/49      AC:  1    Str: 12    XL:     7   Next: 23%
Magic:  7/7        EV: 13    Int: 13    God:
Gold:   278        SH:  0    Dex: 14    Spells: 6/6 levels left

rFire    . . .     SeeInvis .   a - +2 dagger
rCold    . . .     Gourm    .   (no shield)
rNeg     . . .     Faith    .   (helmet restricted)
rPois    .         Spirit   .   (no amulet)
rElec    .         Reflect  .   l - ring of attention (curse)
rCorr    .         Harm     .   p - ring of teleportation (curse)
MR       .....     Rnd*Tele +   (no ring)
Stlth    +++.......             (no ring)
HPRegen  0.16/turn              (no ring)
MPRegen  0.10/turn              (no ring)
                                (no ring)
                                (no ring)

@: slowed, very slow
A: almost no armour, stealthy swim, amphibious, 8 rings, constrict 8, camouflage
1, gelatinous body 1
a: no special abilities


You were on level 4 of the Dungeon.
You were not hungry.

You visited 1 branch of the dungeon, and saw 4 of its levels.
You also visited: Sewer.

You collected 278 gold pieces.

Inventory:

Hand Weapons
 a - a +2 dagger (weapon)
Missiles
 b - 8 poisoned darts
 v - 2 curare-tipped darts (quivered)
Jewellery
 l - a cursed ring of attention (left tentacle)
 p - a cursed ring of teleportation (right tentacle)
Scrolls
 c - a scroll of immolation {unknown}
 e - 3 scrolls of magic mapping {unknown}
 f - 2 scrolls of remove curse {unknown}
 h - a scroll of fog {unknown}
 i - a scroll of enchant weapon {unknown}
 j - 6 scrolls of identify {unknown}
 m - 5 scrolls of teleportation {unknown}
 u - 2 scrolls of random uselessness {unknown}
Potions
 g - 2 potions of stabbing {unknown}
 k - a potion of might {unknown}
 n - a potion of lignification {unknown}
 o - a potion of resistance {unknown}
 r - 6 potions of brilliance {unknown}
 s - 2 potions of curing {unknown}
 t - a potion of ambrosia {unknown}
Comestibles
 d - 12 rations
 q - 3 chunks of flesh


   Skills:
 + Level 4.6 Fighting
 * Level 6.3 Short Blades
 - Level 2.0 Throwing
 - Level 1.0 Dodging
 - Level 5.3 Stealth


You had 6 spell levels left.
You didn't know any spells.
Your spell library was empty.

Dungeon Overview and Level Annotations

Branches:
Dungeon (4/15)              Sewer (visited)
 Temple: D:4-7

Altars:
Gozag
Nemelex Xobeh
Uskayaw


Innate Abilities, Weirdness & Mutations

You cannot wear most types of armour.
You are very stealthy in the water. (Stealth+)
You are amphibious.
You can wear up to eight rings at the same time.
You can use your tentacles to constrict eight enemies at once.
Your skin changes colour to match your surroundings (Stealth+).
Your rubbery body absorbs attacks. (AC +1, EV +1)


Message History

The orc wizard blinks!
You hit the orc priest. You grab the orc priest.
The orc priest is lightly wounded.
You constrict the orc priest. The orc priest barely misses you.
You release your grip on the orc priest.
The orc wizard gestures wildly while chanting.
The orc wizard blinks!
The orc priest calls down the wrath of Beogh upon you.
Beogh smites you!
The orc priest hits you with a +0 dagger.
The orc wizard casts a spell.
The orc wizard seems to speed up.
You hit the orc priest. You grab the orc priest.
The orc priest is heavily wounded.
You constrict the orc priest.
The orc priest invokes the aid of Beogh against you.
Beogh smites you!
* * * LOW HITPOINT WARNING * * *
The orc priest hits you with a +0 dagger.
You die...

#.#..........##....
#.........##.......
####.................
#.....?......####....
..###........####.###
#o>.........รท...#
##o##.....###..#..
#oo#######....#<..
#@## ....#.#. #.#
......#. #.#
#........ ..#
#.....## ... #......
###. . .#


You could see 2 orc priests and 2 orcs.

Vanquished Creatures
  Edmund (D:4)
  Purgy (Sewer)
  A howler monkey (D:4)
  A worker ant (D:4)
  Robin (D:4)
  11 adders
  An ooze (D:4)
  5 worms (D:3)
  4 dart slugs
  2 leopard geckos
  An orc (D:3)
  10 bats
  6 giant cockroaches
  15 goblins
  12 hobgoblins
  5 jackals
  2 quokkas (D:2)
  4 ball pythons
  10 frilled lizards
  8 kobolds
  A leopard gecko zombie (D:3)
  5 rats
107 creatures vanquished.

Vanquished Creatures (others)
  3 fungi (D:4)
3 creatures vanquished.

Grand Total: 110 creatures vanquished

Notes
Turn   | Place    | Note
-------+----------+-------------------------------------------
     0 | D:1      | Ethylacetat the Octopode Assassin began the quest for the
                  | Orb.
     0 | D:1      | Reached XP level 1. HP: 14/14 MP: 1/1
   137 | D:1      | Reached XP level 2. HP: 19/19 MP: 2/2
   703 | D:1      | Reached skill level 3 in Short Blades
   709 | D:1      | Reached XP level 3. HP: 15/25 MP: 3/3
  1298 | D:2      | Reached XP level 4. HP: 30/30 MP: 4/4
  2000 | D:2      | Reached skill level 4 in Short Blades
  2507 | D:3      | Found a glowing drain.
  2513 | Sewer    | Entered a sewer
  2670 | Sewer    | Noticed Purgy
  2680 | Sewer    | Reached XP level 5. HP: 29/36 MP: 5/5
  2772 | Sewer    | HP: 1/36 [Purgy (3)]
  3043 | Sewer    | Killed Purgy
  3043 | Sewer    | Reached skill level 5 in Short Blades
  3365 | D:3      | Reached XP level 6. HP: 32/43 MP: 6/6
  3708 | D:3      | Found a sparkling altar of Nemelex Xobeh.
  3722 | D:3      | Found a hide-covered altar of Uskayaw.
  3963 | D:3      | Found an opulent altar of Gozag.
  4460 | D:4      | Noticed Edmund
  4492 | D:4      | Noticed Robin
  4723 | D:4      | Killed Robin
  4818 | D:4      | Killed Edmund
  4818 | D:4      | Reached skill level 6 in Short Blades
  4818 | D:4      | Reached XP level 7. HP: 49/49 MP: 7/7
  4934 | D:4      | HP: 1/49 [orc priest/divine providence (15)]
  4934 | D:4      | Slain by an orc priest

Illustrated notes

Levels and vault maps discovered:
D:1:      erik_arrival_orb_chamber, layout_basic
D:2:      layout_basic, first_ration, supply_closet_lemuel
D:3:      minmay_chambers_of_twos, layout_loops_cross,
          nicolae_overflow_hidden_temple, eat_drink_and_be_merry_uskayaw,
          cheibrodos_sewer_entry_bend, nemelex_diamond_rough_becter
D:4:      layout_rooms, serial_aquarium, aquarium_bridge_square
          [aquarium_subvault_wall, aquarium_subvault_window,
          aquarium_subvault_bridge, aquarium_subvault_bridge],
          aquarium_bridge_straight [aquarium_subvault_bridge,
          aquarium_subvault_wall, aquarium_subvault_bridge,
          aquarium_subvault_window], aquarium_window_fake, aquarium_window_2,
          aquarium_window_1, aquarium_view_2c, aquarium_view_2b,
          aquarium_balcony_double_3, aquarium_pool_side,
          uniq_crazy_yiuf_cottage, uniq_edmund, uniq_robin

Skill      XL: |  1  2  3  4  5  6 |
---------------+-------------------+-----
Short Blades   | 3 4 5 6 |  6.3
Fighting       | 3 4 |  4.6
Throwing       | |  2.0
Dodging        | |  1.0
Stealth        | |  5.3

Action                   |  1- 3 |  4- 6 |  7- 9 || total
-------------------------+-------+-------+-------++-------
Melee: Dagger            |    87 |   152 |    10 ||   249
       Constrict         |    26 |    29 |     4 ||    59
       Tentacles         |    12 |    23 |     2 ||    37
Throw: Dart              |       |    27 |       ||    27
 Stab: Sleeping          |     3 |    14 |       ||    17
       Distracted        |     1 |     1 |       ||     2
  Eat: Chunk             |     1 |    11 |       ||    12
Armor: Skin              |     6 |     8 |     2 ||    16
Dodge: Dodged            |    48 |    79 |     1 ||   128
